 Dungeon Crawl Stone Soup version 0.31-a0-174-g85c54bcb58 (webtiles) character file.

Game seed: 14152680614844010488

145 qw the Shooter (level 5, -1/49 HPs)
             Began as a Naga Hunter on June 15, 2023.
             Frozen to death by an endoplasm (5 damage)
             ... on level 2 of the Dungeon.
             The game lasted 00:00:35 (1010 turns).

qw the Shooter (Naga Hunter)                        Turns: 1010, Time: 00:00:35

Health: -1/49      AC:  3    Str: 14    XL:     5   Next: 27%
Magic:  5/5        EV:  9    Int:  9    God:
Gold:   154        SH:  0    Dex: 16    Spells: 4/4 levels left

rFire   . . .        Y - +0 shortbow
rCold   . . .        (shield currently unavailable)
rNeg    . . .        c - +0 leather armour
rPois   +            (no helmet)
rElec   .            (no cloak)
rCorr   .            (no gloves)
SInv    +            (no barding)
Will    .....        (no amulet)
Stlth   ++           (no ring)
HPRegen 0.28/turn    (no ring)
MPRegen 0.09/turn

%: no passive effects
@: short of breath, very slow
A: AC +1, large, see invisible, deformed body, poison resistance, slowness 2,
spit poison 1, naga tail 1
a: Spit Poison


You were on level 2 of the Dungeon.
You visited 1 branch of the dungeon, and saw 2 of its levels.

You collected 154 gold pieces.


Innate Abilities, Weirdness & Mutations

Your serpentine skin is tough. (AC +1)
You have supernaturally acute eyesight. (SInv)
Armour fits poorly on your strangely shaped body.
Your system is resistant to poisons. (rPois)
You cover ground very slowly.
You can spit poison.
You have a snake-like lower body.


   Skills:
 - Level 3.0 Fighting
 + Level 5.4 Ranged Weapons
 - Level 1.5 Dodging
 - Level 1.5 Stealth


You had 4 spell levels left.
You didn't know any spells.
Your spell library was empty.

Inventory:

Hand Weapons
 Y - a +0 shortbow (weapon)
Armour
 c - a +0 leather armour (worn)
 f - a +0 helmet
Jewellery
 j - a +5 ring of evasion
Scrolls
 b - a scroll of identify
Potions
 a - 2 potions of might {unknown}
 e - a potion of degeneration {unknown}
 g - a potion of berserk rage {unknown}
 h - a potion of magic {unknown}
 i - a potion of lignification {unknown}

Dungeon Overview and Level Annotations

Branches:
Dungeon (2/15)

Altars:

Annotations:
D:2 Terence


Message History

You have got your breath back.
The orc barely misses you.
The orc priest mumbles some strange prayers to Beogh against you.
You struggle to resist.
The endoplasm freezes you.
You are frozen.
1006 ||| INVOKING Spit Poison.
Aiming: Spit Poison (1% risk of failure)
Press: ? - help, Shift-Dir - straight line, f/p - orc priest The splash of poison hits the orc priest.
The orc priest is poisoned.
The orc priest is almost dead.
The orc barely misses you.
The orc priest hits you but does no damage.
The endoplasm closely misses you.
You shoot an arrow. The arrow barely misses the orc priest.
The orc closely misses you. The orc priest hits you with a +0 club.
The endoplasm freezes you.
You are frozen.
You shoot an arrow. The arrow barely misses the orc priest.
Terence shouts, "ATTACK!!!"
The orc hits you with a +0 hand axe.
The orc priest hits you but does no damage.
The endoplasm freezes you.
You are frozen.
You shoot an arrow. The arrow hits the orc priest!
You kill the orc priest!
The endoplasm freezes you.
You are frozen.
The orc barely misses you.
The orc wizard casts a spell.
The orc wizard flickers and vanishes for a moment.
Terence hits you with a +0 hand axe. The orc hits you with a +0 hand axe.
The endoplasm freezes you.
You are frozen.
You shoot an arrow. The arrow hits Terence!
Terence is moderately wounded.
Terence hits you with a +0 hand axe. The orc hits you with a +0 hand axe.
The endoplasm freezes you.
You are frozen.
You die...

#.#
#..........)%.
#.#
#########.#
#.# #.# #.#
#(# #.# #.#
#.# #.# #.#
#.. #.# ###
#@#
#.Jo@oo.<.#
###.##)...#
#### #.. ...#
#... ### ..#
#.## .# #.## #
#.## #.## #.#


You could see Terence, an orc wizard (invisible), 2 orcs and an endoplasm.

Vanquished Creatures
  An orc priest (D:2)
  An iguana (D:2)
  Robin (D:2)
  An adder (D:2)
  A worm (D:2)
  A dart slug (D:2)
  An orc (D:2)
  4 bats (D:1)
  3 endoplasms
  3 giant cockroaches (D:1)
  9 goblins
  7 hobgoblins
  2 jackals (D:1)
  6 quokkas
  6 ball pythons
  4 frilled lizards
  4 kobolds
  5 rats
60 creatures vanquished.

Notes
Turn   | Place    | Note
-------+----------+-------------------------------------------
     0 | D:1      | qw the Naga Hunter began the quest for the Orb.
     0 | D:1      | Reached XP level 1. HP: 19/19 MP: 1/1
     0 | D:1      | 0 ||| qw: Version: 0.2-a-29-g511e9b1
     0 | D:1      | 0 ||| qw: Game counter: 5168
     0 | D:1      | 0 ||| qw: Always use a shield: true
     0 | D:1      | 0 ||| qw: God list: Okawaru
     0 | D:1      | 0 ||| qw: Allow faded altars: false
     0 | D:1      | 0 ||| qw: Do Orc after D:15 true
     0 | D:1      | 0 ||| qw: Do second Lair branch before Depths: true
     0 | D:1      | 0 ||| qw: Lair rune preference: random
     0 | D:1      | 0 ||| qw: Plans: Normal
     0 | D:1      | 0 ||| PLANNING D:1-11
    28 | D:1      | 28 ||| INVOKING Spit Poison.
    45 | D:1      | 45 ||| INVOKING Spit Poison.
    50 | D:1      | 50 ||| INVOKING Spit Poison.
    51 | D:1      | 51 ||| INVOKING Spit Poison.
    79 | D:1      | 79 ||| INVOKING Spit Poison.
    80 | D:1      | 80 ||| INVOKING Spit Poison.
    87 | D:1      | 87 ||| INVOKING Spit Poison.
    90 | D:1      | Reached skill level 4 in Ranged Weapons
    90 | D:1      | Reached XP level 2. HP: 26/26 MP: 2/2
    93 | D:1      | 93 ||| INVOKING Spit Poison.
   109 | D:1      | 109 ||| INVOKING Spit Poison.
   120 | D:1      | 120 ||| INVOKING Spit Poison.
   162 | D:1      | 162 ||| INVOKING Spit Poison.
   168 | D:1      | 168 ||| INVOKING Spit Poison.
   198 | D:1      | 198 ||| INVOKING Spit Poison.
   204 | D:1      | 204 ||| INVOKING Spit Poison.
   205 | D:1      | Reached XP level 3. HP: 28/32 MP: 3/3
   209 | D:1      | 209 ||| INVOKING Spit Poison.
   213 | D:1      | 213 ||| INVOKING Spit Poison.
   268 | D:1      | 268 ||| INVOKING Spit Poison.
   289 | D:1      | 289 ||| INVOKING Spit Poison.
   315 | D:1      | 315 ||| INVOKING Spit Poison.
   324 | D:1      | 324 ||| INVOKING Spit Poison.
   336 | D:1      | 336 ||| INVOKING Spit Poison.
   607 | D:1      | 607 ||| READING scroll labelled QONWYL CE ERERCHI.
   608 | D:1      | 608 ||| READING scroll labelled WAME DO SACOA.
   609 | D:1      | 609 ||| DRINKING 2 silvery potions.
   610 | D:1      | 610 ||| DROPPING scroll of butterflies.
   630 | D:2      | 630 ||| INVOKING Spit Poison.
   663 | D:2      | 663 ||| INVOKING Spit Poison.
   673 | D:2      | 673 ||| INVOKING Spit Poison.
   689 | D:2      | 689 ||| INVOKING Spit Poison.
   695 | D:2      | 695 ||| INVOKING Spit Poison.
   717 | D:2      | 717 ||| INVOKING Spit Poison.
   752 | D:2      | Identified the +3 scale mail of Paranoia {Regen+}
   777 | D:2      | 777 ||| INVOKING Spit Poison.
   781 | D:2      | 781 ||| INVOKING Spit Poison.
   787 | D:2      | Reached skill level 5 in Ranged Weapons
   787 | D:2      | Reached XP level 4. HP: 33/39 MP: 4/4
   790 | D:2      | 790 ||| INVOKING Spit Poison.
   800 | D:2      | 800 ||| INVOKING Spit Poison.
   801 | D:2      | Noticed Robin
   807 | D:2      | 807 ||| INVOKING Spit Poison.
   808 | D:2      | Killed Robin
   814 | D:2      | 814 ||| INVOKING Spit Poison.
   820 | D:2      | 820 ||| INVOKING Spit Poison.
   822 | D:2      | HP: 8/40 [hobgoblin[Robin] (4)]
   823 | D:2      | 823 ||| DRINKING 2 potions of heal wounds.
   824 | D:2      | 824 ||| INVOKING Spit Poison.
   827 | D:2      | Reached skill level 3 in Fighting
   923 | D:2      | 923 ||| INVOKING Spit Poison.
   924 | D:2      | 924 ||| INVOKING Spit Poison.
   929 | D:2      | 929 ||| INVOKING Spit Poison.
   956 | D:2      | 956 ||| INVOKING Spit Poison.
   974 | D:2      | 974 ||| INVOKING Spit Poison.
   977 | D:2      | 977 ||| INVOKING Spit Poison.
   995 | D:2      | 995 ||| INVOKING Spit Poison.
   996 | D:2      | Reached XP level 5. HP: 49/49 MP: 5/5
   996 | D:2      | 996 ||| Stepping ~*~*~tactically~*~*~ (outnumbered).
   999 | D:2      | 999 ||| INVOKING Spit Poison.
  1002 | D:2      | 1002 ||| INVOKING Spit Poison.
  1002 | D:2      | Noticed Terence
  1003 | D:2      | HP: 12/49 [orc priest/divine providence (14)]
  1004 | D:2      | 1004 ||| DRINKING potion of heal wounds.
  1006 | D:2      | 1006 ||| INVOKING Spit Poison.
  1010 | D:2      | HP: 9/49 [Terence/+0 hand axe (4)]
  1010 | D:2      | HP: 4/49 [orc/+0 hand axe (5)]
  1010 | D:2      | Frozen to death by an endoplasm

Levels and vault maps discovered:
D:1:      nzn_arrival_depleted_hourglass, layout_rooms
D:2:      layout_basic, minmay_tetromino_s2, uniq_terence,
          uniq_crazy_yiuf_cottage, uniq_robin

Skill      XL: |  1  2  3  4 |
---------------+-------------+-----
Ranged Weapons | 4 5 |  5.4
Fighting       | 3 |  3.0
Dodging        | |  1.5
Stealth        | |  1.5

Action                     |  1- 3 |  4- 6 || total
---------------------------+-------+-------++-------
   Fire: Shortbow          |    75 |    38 ||   113
Ability: Spit Poison       |    27 |    15 ||    42
    Use: Scroll            |     2 |       ||     2
         Potion            |     1 |     2 ||     3
 Armour: Leather armour    |     8 |    11 ||    19
  Dodge: Dodged            |    18 |    37 ||    55

Table legend:
 A = Non-vault XP
 B = Vault XP
 C = Vault XP percentage of total XP
 D = Non-vault monster count
 E = Vault monster count
 F = Vault count percentage of total count
                 A         B        C        D         E       F
            +---------+---------+-------+---------+---------+-------
      Total |     178 |      30 |  14.4 |      51 |       9 |  15.0
            +---------+---------+-------+---------+---------+-------
        D:1 |      55 |       0 |   0.0 |      34 |       0 |   0.0
        D:2 |     123 |      30 |  19.6 |      17 |       9 |  34.6
            +---------+---------+-------+---------+---------+-------
